AoeStats
← papaK

Arabia

510526337Analyzed
2v2 RM · 17h ago on Oct 1, 2026· 38m 53s· 4 players
Game mode
Random Map
Map size
Medium (4 player)
Population
200
Speed
Normal
Resources
Standard
Victory
Conquest
Starting age
Dark Age
Ending age
Imperial Age
RankedLock teamsTeams togetherTeam positionsShared explorationLock speedFull tech treeHidden civsTurbo modeCheats
Victory
Defeat
🇳🇴 Tatars · Norway
1667
+5
🇳🇴 Malay · Norway
1098
+23
🇦🇺 Teutons · Australia
1370
-16
🇳🇿 Armenians · New Zealand
1280
-12
Suriv-
5:38 Loom
9:02 Feudal Age
9:44 Double-Bit Axe
10:42 Horse Collar
11:45 Town Watch
20:02 Wheelbarrow
22:58 Castle Age
22:04 Bloodlines
22:00 Scale Barding Armor
24:02 Pikeman
36:47 Fletching
Misc_Leopard
8:10 Loom
10:00 Feudal Age
11:12 Double-Bit Axe
14:40 Fletching
17:47 Gold Mining
25:58 Castle Age
26:35 Crossbowman
27:12 Bodkin Arrow
30:39 Wheelbarrow
[Nors] OG DADDY
6:13 Loom
8:55 Feudal Age
12:56 Fletching
18:14 Double-Bit Axe
19:26 Padded Archer Armor
23:11 Castle Age
21:32 Gold Mining
23:51 Bodkin Arrow
23:18 Crossbowman
24:28 Leather Archer Armor
24:39 Bow Saw
25:30 Ballistics
papaK
5:40 Loom
10:35 Feudal Age
10:17 Double-Bit Axe
10:46 Horse Collar
17:40 Gold Mining
21:20 Castle Age
21:00 Wheelbarrow
20:17 Light Cavalry
21:54 Bow Saw
22:54 Heavy Plow
23:31 Scale Barding Armor
24:55 Forging
26:48 Iron Casting
29:21 Stone Mining
29:58 Town Watch
31:02 Stone Shaft Mining
33:09 Fletching
34:40 Hand Cart
36:58 Bodkin Arrow
38:36 Gold Shaft Mining
40:51 Imperial Age
39:06 Masonry
Connection lost

Rejoining the realm…

Still unreachable

The connection could not be restored.

Session expired

The server has moved on; the page needs a fresh start.